 Dungeon Crawl Stone Soup version 0.31-a0-844-gdc52ec4e09 (webtiles) character file.

Game seed: 8676495632046955023

67 randomguy2701 the Stinger (level 4, -1/34 HPs)
             Began as a Gnoll Wanderer on Sept 29, 2023.
             Killed from afar by a white imp (11 damage)
             ... with a puff of frost
             ... on level 4 of the Dungeon.
             The game lasted 00:01:51 (1791 turns).

randomguy2701 the Stinger (Gnoll Wanderer)          Turns: 1791, Time: 00:01:52

Health: -1/34      AC:  2    Str: 10    XL:     4   Next: 16%
Magic:  17/20      EV: 12    Int: 19    God:
Gold:   86         SH:  4    Dex: 13    Spells: 12/13 levels left

rFire   . . .        p - staff of poison
rCold   . . .        d - +0 buckler
rNeg    . . .        c - +0 robe
rPois   +            (no helmet)
rElec   .            (no cloak)
rCorr   .            (no gloves)
SInv    .            (no boots)
Will    .....        (no amulet)
Stlth   ++           n - +6 ring of intelligence
HPRegen 0.25/turn    q - ring of magical power
MPRegen 0.17/turn

%: no passive effects
@: no status effects
A: fangs 1, strong nose, distributed training
a: no special abilities


You were on level 4 of the Dungeon.
You visited 1 branch of the dungeon, and saw 4 of its levels.

You collected 86 gold pieces.

Inventory:

Hand Weapons
 a - a +0 club
Armour
 c - a +0 robe (worn)
 d - a +0 buckler (worn)
Magical Staves
 p - a staff of poison (weapon)
Jewellery
 n - a +6 ring of intelligence (left hand)
 q - a ring of magical power (right hand)
Wands
 o - a wand of charming (5)
Scrolls
 e - a scroll of butterflies {unknown}
 f - 2 scrolls of noise {unknown}
 g - 2 scrolls of identify {unknown}
 h - a scroll of poison {unknown}
 j - a scroll of enchant armour {unknown}
 l - a scroll of teleportation {unknown}
Potions
 b - a potion of attraction
 i - a potion of ambrosia {unknown}
 k - a potion of cancellation {unknown}
 m - 2 potions of brilliance {unknown}


   Skills:
 + Level 2.7 Fighting
 + Level 1.1 Short Blades
 + Level 1.1 Long Blades
 + Level 1.1 Axes
 + Level 1.1 Maces & Flails
 + Level 1.1 Polearms
 + Level 1.1 Staves
 + Level 1.1 Ranged Weapons
 + Level 1.1 Throwing
 + Level 1.1 Armour
 + Level 2.7 Dodging
 + Level 2.5 Stealth
 + Level 2.7 Shields
 + Level 1.1 Unarmed Combat
 + Level 5.0 Spellcasting
 + Level 0.8 Conjurations
 + Level 0.8 Hexes
 + Level 0.8 Summonings
 + Level 2.2 Necromancy
 + Level 0.8 Translocations
 + Level 0.8 Transmutations
 + Level 0.8 Fire Magic
 + Level 0.8 Ice Magic
 + Level 0.8 Air Magic
 + Level 0.8 Earth Magic
 + Level 5.4 Poison Magic
 + Level 1.2 Invocations
 + Level 1.1 Evocations
 + Level 1.0 Shapeshifting


You had 12 spell levels left.
You knew the following spells:

 Your Spells              Type           Power      Damage    Failure   Level
a - Sting                 Tmut/Pois      100%       1d8       4%          1

Your spell library contained the following spells:

 Spells                   Type           Power      Damage    Failure   Level
 Poisonous Vapours        Pois/Air       50%        N/A       8%          2
 Cigotuvi's Dreadful Rot  Necr/Pois/Air  46%        N/A       9%          2
 Sublimation of Blood     Necr           13%        N/A       11%         2
 Olgreb's Toxic Radiance  Pois           38%        N/A       19%         4
 Dazzling Flash           Conj/Hex       16%        N/A       36%         3
 Volatile Blastmotes      Fire/Tloc      16%        2d11      36%         3
 Starburst                Conj/Fire      4%         6d3       100%        6
 Maxwell's Capacitive Co  Air            4%         ∞         100%        8


Dungeon Overview and Level Annotations

Branches:
Dungeon (4/15)             Temple (0/1) D:4

Altars:


Innate Abilities, Weirdness & Mutations

You have very sharp teeth.
Your uncanny sense of smell can sniff out nearby items.
Your experience applies equally to all skills.


Message History

The endoplasm partially resists.
The endoplasm is poisoned.
The endoplasm is severely wounded.
The endoplasm quivers.
You feel a surge of power!
The sting hits the endoplasm.
The endoplasm partially resists.
You kill the endoplasm!
No target in view!
You can't see any susceptible monsters within range! (Use Z to cast anyway.)
You can't see any susceptible monsters within range! (Use Z to cast anyway.)
Found a dagger.
A white imp comes into view.
A white imp is nearby!
A white imp is nearby!
A white imp is nearby!
The white imp shouts, "Return whence thou came, thou goatish fob-snatching surfacer!"
Found a staircase to the Ecumenical Temple.
The white imp closely misses you.
You feel a surge of power!
The sting misses the white imp.
The white imp hits you. The white imp freezes you.
You feel a surge of power!
The sting hits the white imp but does no damage.
The white imp is poisoned.
The white imp gestures at you. The puff of frost hits you!
You feel a surge of power!
The sting hits the white imp.
The white imp partially resists.
The white imp looks even sicker.
The white imp is heavily wounded.
The white imp gestures at you. The puff of frost hits you!
* * * LOW HITPOINT WARNING * * *
You are too injured to fight recklessly!
You are too injured to fight recklessly!
You are too injured to fight recklessly!
You are too injured to fight recklessly!
Unknown command.
You are too injured to fight recklessly!
Unknown command.
The white imp gestures at you. The puff of frost hits you!
You die...

.#####.##.........#
∆.### ##
#.##.###)....###.....
#
#.##.#..†......#....
#
#.##.#.#............
#
#.##.#.#.###...#....
# ##.#(.).#.# #...# .
# #...##########.##
### #.### #...#.).#
..###.### #.5.@.⌠.#
........# #...#...#
#.#.#.### ##.######
#.##..## #.. ..†....#
.$.> #.##..### ..#..
#.......##.###.
...#....#.. ..
#.##....#


You could see a white imp (very poisoned).

Vanquished Creatures
  2 adders (D:4)
  3 dart slugs (D:1)
  4 orcs (D:4)
  4 ball pythons
  3 endoplasms
  2 giant cockroaches
  6 goblins
  5 hobgoblins
  2 jackals (D:1)
  2 quokkas
  A frilled lizard (D:1)
  2 kobolds (D:1)
  A rat (D:2)
37 creatures vanquished.

Notes
Turn   | Place    | Note
-------+----------+-------------------------------------------
     0 | D:1      | randomguy2701 the Gnoll Wanderer began the quest for the
                  | Orb.
     0 | D:1      | randomguy2701 set off with the following items: a +0 club,
                  | a potion of attraction, a +0 robe, a +0 buckler; and the
                  | following spell memorised: Sting; and the following spells
                  | available to memorise: Poisonous Vapours, Cigotuvi's
                  | Dreadful Rot, Sublimation of Blood, Olgreb's Toxic
                  | Radiance.
     0 | D:1      | Reached XP level 1. HP: 17/17 MP: 6/6
   328 | D:1      | Reached XP level 2. HP: 23/23 MP: 4/7
  1114 | D:2      | Reached XP level 3. HP: 28/28 MP: 7/9
  1122 | D:2      | Reached skill level 5 in Spellcasting
  1242 | D:2      | You fall into a shaft and drop 2 floors!
  1333 | D:4      | Reached skill level 1 in Invocations
  1384 | D:4      | Reached skill level 1 in Short Blades
  1384 | D:4      | Reached skill level 1 in Long Blades
  1384 | D:4      | Reached skill level 1 in Axes
  1384 | D:4      | Reached skill level 1 in Maces & Flails
  1384 | D:4      | Reached skill level 1 in Polearms
  1384 | D:4      | Reached skill level 1 in Staves
  1384 | D:4      | Reached skill level 1 in Ranged Weapons
  1384 | D:4      | Reached skill level 1 in Throwing
  1384 | D:4      | Reached skill level 1 in Armour
  1384 | D:4      | Reached skill level 1 in Unarmed Combat
  1384 | D:4      | Reached skill level 1 in Evocations
  1520 | D:4      | Reached XP level 4. HP: 33/34 MP: 7/11
  1526 | D:4      | Reached skill level 1 in Shapeshifting
  1787 | D:4      | Found a staircase to the Ecumenical Temple.
  1791 | D:4      | Killed from afar by a white imp

Illustrated notes

Levels and vault maps discovered:
D:1:      dpeg_arrival_water_fire, layout_basic
D:2:      layout_rooms
D:3:      gammafunk_steamed_eel, layout_loops_cross, ebering_ghost_sewer_f,
          nicolae_figureground_sparkle
D:4:      layout_loops_ring, okawaru_gym_becter, minmay_temple_entry_nine_rooms,
          due_unseen_surprise, uniq_eustachio

Skill      XL: |  1  2  3  4 |
---------------+-------------+-----
Necromancy     | 2 |  2.2
Spellcasting   | 5 |  5.0
Invocations    | 1 |  1.2
Short Blades   | 1 |  1.1
Long Blades    | 1 |  1.1
Axes           | 1 |  1.1
Maces & Flails | 1 |  1.1
Polearms       | 1 |  1.1
Staves         | 1 |  1.1
Ranged Weapons | 1 |  1.1
Throwing       | 1 |  1.1
Armour         | 1 |  1.1
Unarmed Combat | 1 |  1.1
Evocations     | 1 |  1.1
Shapeshifting  | 1 |  1.0
Fighting       | |  2.7
Dodging        | |  2.7
Stealth        | |  2.5
Shields        | |  2.7
Conjurations   | |  0.8
Hexes          | |  0.8
Summonings     | |  0.8
Translocations | |  0.8
Transmutations | |  0.8
Fire Magic     | |  0.8
Ice Magic      | |  0.8
Air Magic      | |  0.8
Earth Magic    | |  0.8
Poison Magic   | |  5.4

Action                     |  1- 3 |  4- 6 || total
---------------------------+-------+-------++-------
  Melee: Club              |    18 |     5 ||    23
         Bite              |     2 |       ||     2
   Cast: Sting             |    50 |    13 ||    63
   Stab: Sleeping          |     1 |       ||     1
 Armour: Robe              |    25 |     5 ||    30
  Dodge: Dodged            |    21 |     9 ||    30
  Block: Buckler           |     6 |       ||     6

Table legend: (Time is in decaauts)
 A = Elapsed time spent in this place.
 B = Non-inter-level travel time spent in this place.
 C = Inter-level travel time spent in this place.
 D = Time resting spent in this place.
 E = Time spent auto-exploring this place.
 F = Levels seen in this place.
 G = Mean time per level.
                   A        B        C        D        E       F      G
               +--------+--------+--------+--------+--------+-----+--------+
         Total |   1796 |   1730 |     66 |     43 |   1451 |   4 |  449.0 |
       Dungeon |   1796 |   1730 |     66 |     43 |   1451 |   4 |  449.0 |
               +--------+--------+--------+--------+--------+-----+--------+

Top non-repeatable levels by time:
     D:1: 1112 daAuts
     D:4: 523 daAuts
     D:2: 133 daAuts
     D:3: 28 daAuts
